 Dungeon Crawl Stone Soup version 0.24-a0-136-gad582e5 (webtiles) character file.

Game seed: 11455941854264606166

2440 Inarius the Zephyrmancer (level 9, -8/48 HPs)
             Began as a Kobold Air Elementalist on Feb 28, 2019.
             Was a Follower of Vehumet.
             Mangled by Joseph
             ... wielding a +2 quarterstaff of protection
              (21 damage)
             ... on level 8 of the Dungeon.
             The game lasted 00:21:49 (8283 turns).

Inarius the Zephyrmancer (Kobold Air Elementalist)  Turns: 8283, Time: 00:21:50

Health: -8/48      AC:  5    Str:  8    XL:     9   Next: 78%
Magic:  5/17       EV: 15    Int: 20    God:    Vehumet [*.....]
Gold:   308        SH:  5    Dex: 15    Spells: 3/18 levels left

rFire    . . .     SeeInvis .   t - +0 dagger (speed)
rCold    + . .     Gourm    .   f - +0 buckler
rNeg     . . .     Faith    .   B - +0 troll leather armour {Purgy}
rPois    .         Spirit   .   (no helmet)
rElec    .         Reflect  .   D - +0 cloak "Fogid" {rC+ Regen+ Str+3} (curse)
rCorr    .         Harm     .   (no gloves)
MR       .....                  (no boots)
Stlth    +++.......             (no amulet)
HPRegen  0.96/turn              (no ring)
MPRegen  0.15/turn              (no ring)

@: no status effects
A: small, carnivore
a: Renounce Religion


You were on level 8 of the Dungeon.
You worshipped Vehumet.
Vehumet was aware of your devotion.
You were very full.

You visited 2 branches of the dungeon, and saw 9 of its levels.
You also visited: Sewer.

You collected 308 gold pieces.

Inventory:

Hand Weapons
 t - a +0 dagger of speed (weapon)
 G - a +1 whip of flaming
Armour
 f - a +0 buckler (worn)
 B - a +0 troll leather armour (worn) {Purgy}
 D - the cursed +0 cloak "Fogid" (worn) {rC+ Regen+ Str+3}
   (You found it on level 7 of the Dungeon)

   It affects your strength (+3).
   It protects you from cold.
   It increases your rate of regeneration.
   It has a curse placed upon it.
 H - a +2 robe of cold resistance
Magical Staves
 m - an uncursed staff of cold
Jewellery
 l - an uncursed amulet of the acrobat {unknown}
Wands
 r - a wand of iceblast (15)
 F - a wand of paralysis (6)
Scrolls
 a - a scroll of noise
 d - a scroll of magic mapping
 n - a scroll of summoning {unknown}
 p - 3 scrolls of blinking
 s - 2 scrolls of amnesia
 v - a scroll of enchant weapon {unknown}
 w - 2 scrolls of random uselessness {unknown}
 y - 2 scrolls of teleportation {unknown}
 A - a scroll of enchant armour {unknown}
 C - a scroll of immolation {unknown}
 E - a scroll of identify
Potions
 b - a potion of magic {unknown}
 e - 2 potions of haste
 g - a potion of cancellation {unknown}
 h - a potion of berserk rage
 i - a potion of flight
 j - a potion of brilliance {unknown}
 k - 2 potions of lignification {unknown}
 o - 8 potions of curing
 q - 4 potions of heal wounds
 u - a potion of ambrosia {unknown}
 x - a potion of mutation {unknown}
 z - 3 potions of might {unknown}
Comestibles
 c - 7 rations


   Skills:
 + Level 2.0 Fighting
 + Level 1.7 Short Blades
   Level 0.1 Polearms
 + Level 1.5 Armour
 + Level 3.8 Dodging
 + Level 4.3 Stealth
 + Level 1.4 Shields
 + Level 5.4 Spellcasting
 * Level 6.3 Conjurations
 * Level 8.1 Air Magic
 + Level 1.7 Evocations


You had 3 spell levels left.
You knew the following spells:

 Your Spells              Type           Power        Failure   Level  Hunger
a - Shock                 Conj/Air       ####         1%          1    None
b - Swiftness             Chrm/Air       ###.....     7%          2    None
c - Static Discharge      Conj/Air       ####....     3%          3    ##.....
d - Airstrike             Air            #####.....   9%          4    ####...
e - Lightning Bolt        Conj/Air       ####......   32%         5    #####..

Your spell library contained the following spells:

 Spells                   Type           Power        Failure   Level  Hunger
 Magic Dart               Conj           ####         1%          1    None
 Confusing Touch          Hex            #.....       24%         1    None
 Confuse                  Hex            #.......     56%         3    ##.....
 Gell's Gravitas          Tloc           #.........   56%         3    ##.....
 Petrify                  Tmut/Erth      #.......     93%         4    ####...
 Metabolic Englaciation   Hex/Ice        #.........   100%        5    #####..
 Yara's Violent Unravell  Hex/Tmut       #.........   100%        5    #####..


Dungeon Overview and Level Annotations

Branches:
Dungeon (8/15)             Temple (1/1) D:4
   Lair: D:8-11

Altars:
Ashenzari
Dithmenos
Elyvilon
Gozag
Hepliaklqana
Makhleb
Nemelex Xobeh
Qazlal
Ru
Sif Muna
Uskayaw
Vehumet
Xom
Zin
The Shining One

Annotations:
D:7 Harold, Prince Ribbit
D:8 Joseph


Innate Abilities, Weirdness & Mutations

You are small and have problems with some larger weapons.
You are carnivorous and can eat meat at any time.


Message History

Unknown command.
Casting: Shock (safe; 1% risk of failure)
Confirm with . or Enter, or press ? or * to list all spells.
Aiming: Shock (safe; 1% risk of failure)
Press: ? - help, Shift-Dir - straight line The zap misses Joseph.
The zap hits Joseph but does no damage.
Joseph is almost dead.
Joseph barely misses you.
Unknown command.
Unknown command.
Casting: Shock (safe; 1% risk of failure)
Confirm with . or Enter, or press ? or * to list all spells.
Aiming: Shock (safe; 1% risk of failure)
Press: ? - help, Shift-Dir - straight line The zap hits Joseph.
Joseph is almost dead.
The zap hits Joseph.
Joseph is almost dead.
Joseph hits you with a +2 quarterstaff of protection!!
You die...

... ##.##
... #.#
###(#
#...#
#.### #@#
#@# #.#
#.# #.#
#.# #..#
#.# #.#
#..# #.#
#.# #..#
#.# #.#
#..# #.#
#.# #..#
#.# #.#
#..######


You could see Joseph.

Vanquished Creatures
  Pikel (D:7)
  A hippogriff (D:7)
  An ice beast (D:8)
  A sky beast (D:5)
  Purgy (D:4)
  An ogre (D:4)
  2 slaves (D:7)
  A centaur (D:5)
  A crocodile (Sewer)
  2 bullfrogs
  3 scorpions
  A centaur zombie (D:5)
  3 crimson imps
  2 bullfrog zombies (D:7)
  A gnoll shaman (D:7)
  A jelly (D:5)
  3 hounds (D:5)
  A centaur skeleton (D:7)
  Ijyb (D:5)
  An iguana (D:3)
  Natasha (thrice) (D:3)
  4 orc wizards
  2 worker ants
  11 gnolls
  13 adders
  2 shadow imps (D:6)
  An ooze (D:4)
  2 adder skeletons
  A worm (D:4)
  2 dart slugs (D:2)
  3 leopard geckos
  16 orcs
  2 bats
  7 giant cockroaches
  4 goblins
  14 hobgoblins
  16 jackals
  3 quokkas
  11 frilled lizards
  A jackal zombie (D:5)
  9 kobolds
  A quokka skeleton (D:5)
  6 rats
163 creatures vanquished.

Notes
Turn   | Place    | Note
-------+----------+-------------------------------------------
     0 | D:1      | Inarius the Kobold Air Elementalist began the quest for the
                  | Orb.
     0 | D:1      | Reached XP level 1. HP: 10/10 MP: 3/3
   246 | D:1      | Reached XP level 2. HP: 15/15 MP: 1/5
   293 | D:1      | Learned a level 2 spell: Swiftness
   721 | D:1      | Reached XP level 3. HP: 11/19 MP: 0/6
  1201 | D:2      | Reached XP level 4. HP: 15/24 MP: 0/7
  1515 | D:2      | Learned a level 3 spell: Static Discharge
  1897 | D:2      | Reached XP level 5. HP: 19/28 MP: 2/9
  1911 | D:2      | Reached skill level 4 in Air Magic
  2411 | D:3      | Noticed Natasha
  2420 | D:3      | Killed Natasha
  2636 | D:3      | Reached XP level 6. HP: 18/32 MP: 0/10
  2756 | D:3      | Learned a level 4 spell: Airstrike
  2780 | D:3      | Noticed Natasha
  3216 | D:3      | Reached skill level 1 in Evocations
  3436 | D:3      | Killed Natasha
  3557 | D:3      | Noticed Natasha
  3565 | D:3      | Killed Natasha
  4055 | D:4      | Found a glowing drain.
  4121 | Sewer    | Entered a sewer
  4226 | Sewer    | Reached XP level 7. HP: 20/37 MP: 3/12
  4437 | D:4      | Noticed Purgy
  4727 | D:4      | Killed Purgy
  4727 | D:4      | Reached skill level 1 in Fighting
  4727 | D:4      | Reached skill level 1 in Short Blades
  4838 | D:4      | Found a staircase to the Ecumenical Temple.
  4854 | D:4      | Reached skill level 5 in Air Magic
  4922 | Temple   | Entered the Ecumenical Temple
  4927 | Temple   | Became a worshipper of Vehumet
  5409 | D:5      | Entered Level 5 of the Dungeon
  5453 | D:5      | Reached XP level 8. HP: 40/43 MP: 4/13
  5832 | D:5      | You fall through a shaft for 3 floors!
  5848 | D:8      | Reached skill level 1 in Shields
  6063 | D:5      | Reached skill level 6 in Air Magic
  6241 | D:5      | Reached skill level 5 in Conjurations
  6369 | D:5      | Noticed Ijyb
  6378 | D:5      | Killed Ijyb
  6524 | D:6      | Reached * piety under Vehumet
  6524 | D:6      | Offered knowledge of Magic Dart by Vehumet.
  6824 | D:6      | Reached skill level 1 in Armour
  6824 | D:6      | Reached XP level 9. HP: 48/48 MP: 10/16
  6958 | D:6      | Learned a level 5 spell: Lightning Bolt
  7282 | D:7      | Reached skill level 7 in Air Magic
  7409 | D:7      | Found a shattered altar of Ashenzari.
  7412 | D:7      | Noticed Prince Ribbit
  7440 | D:7      | Got a slimy cloak
  7446 | D:7      | Identified the cursed +0 cloak "Fogid" {rC+ Regen+ Str+3}
                  | (You found it on level 7 of the Dungeon)
  7496 | D:7      | Noticed a hippogriff
  7599 | D:7      | Killed a hippogriff
  7740 | D:7      | Reached skill level 5 in Spellcasting
  7851 | D:7      | Noticed Pikel
  7881 | D:7      | Killed Pikel
  7881 | D:7      | Reached skill level 8 in Air Magic
  8023 | D:7      | Noticed Harold
  8256 | D:8      | Noticed Joseph
  8283 | D:8      | Mangled by Joseph

Levels and vault maps discovered:
D:1:      minmay_arrival_stone_box, layout_loops_cross
D:2:      layout_basic, minmay_three_crescents
D:3:      layout_rooms, uniq_natasha
D:4:      layout_loops_ring, minmay_temple_entry_stoned_glass, first_ration,
          portal_sewer_entry_a, uniq_purgy
D:5:      layout_loops_cross, uniq_ijyb
D:6:      layout_basic
D:7:      layout_rooms, nicolae_overflow_crystal_walls, uniq_pikel, uniq_harold,
          uniq_prince_ribbit1
D:8:      layout_loops_ring, basic_altar, uniq_joseph, uniq_grum
Temple:   dpeg_three_leaves_temple
Sewer:    sewer_the_crocodile

Skill      XL: |  1  2  3  4  5  6  7  8  9 |
---------------+----------------------------+-----
Stealth        | 3 4 |  4.3
Conjurations   | 2 3 4 5 6 |  6.3
Dodging        | 3 |  3.8
Air Magic      | 4 5 6 8 |  8.1
Evocations     | 1 |  1.7
Spellcasting   | 3 4 5 |  5.4
Fighting       | 1 2 |  2.0
Short Blades   | 1 |  1.7
Shields        | 1 |  1.4
Armour         | 1 |  1.5
Polearms       | |  0.1

Action                   |  1- 3 |  4- 6 |  7- 9 || total
-------------------------+-------+-------+-------++-------
Melee: Spear             |    39 |     5 |       ||    44
       Short sword       |       |    95 |    25 ||   120
       Dagger            |       |       |    40 ||    40
 Cast: Shock             |    38 |   151 |   223 ||   412
       Airstrike         |       |       |    12 ||    12
Evoke: Wand              |       |     7 |     8 ||    15
  Use: Scroll            |       |     8 |     4 ||    12
 Stab: Sleeping          |     1 |     1 |     4 ||     6
       Paralysed         |       |       |     1 ||     1
  Eat: Chunk             |    10 |     9 |    13 ||    32
Armor: Robe              |     4 |    19 |     3 ||    26
       Troll leather arm |       |       |    22 ||    22
Dodge: Dodged            |    39 |   103 |    94 ||   236
Block: Buckler           |     9 |    29 |    29 ||    67

Table legend:
 A = Non-vault XP
 B = Vault XP
 C = Vault XP percentage of total XP
 D = Non-vault monster count
 E = Vault monster count
 F = Vault count percentage of total count
                 A         B        C        D         E       F
            +---------+---------+-------+---------+---------+-------
      Total |    2487 |    1000 |  28.7 |     142 |      19 |  11.8
            +---------+---------+-------+---------+---------+-------
        D:1 |      32 |       0 |   0.0 |      19 |       0 |   0.0
        D:2 |     125 |      25 |  16.7 |      29 |       6 |  17.1
        D:3 |     222 |      35 |  13.6 |      24 |       1 |   4.0
        D:4 |     264 |     147 |  35.8 |      20 |       4 |  16.7
        D:5 |     662 |      38 |   5.4 |      16 |       1 |   5.9
        D:6 |     406 |       0 |   0.0 |      17 |       0 |   0.0
        D:7 |     520 |     641 |  55.2 |      13 |       1 |   7.1
        D:8 |     256 |       0 |   0.0 |       4 |       0 |   0.0
      Sewer |       0 |     114 | 100.0 |       0 |       6 | 100.0
            +---------+---------+-------+---------+---------+-------
